cohdb
Replays
Latest Replays
All Replays
Popular Replays
Top Player Replays
Match Explorer
How It Works
Community
CoH3 Stats
Reddit
Sign in to upload your games and track your stats! →
Sign in with Steam
Match 41530424
Unlisted
Match 41530424
Overview
Messages
Build Orders
End
Construct Barracks
Selects Airborne Battlegroup
Selects Pathfinders
Pathfinder Squad
Riflemen Squad
Riflemen Squad
Construct Medical Station
Mechanized Support Center
Riflemen Squad
Construct Motor Pool
M3 75 mm Gun Motor Carriage
Engineer Squad
M24 Chaffee Light Tank
Grenade Package
M24 Chaffee Light Tank
Selects Recon Loiter
Selects Supply Drop
Selects Dual P-47 Rocket Strike
Riflemen Squad
M1918 Browning Automatic Rifles
Selects Paratrooper Squad Paradrop
M1 Anti-tank Gun Team
Engineer Squad
Dual P-47 Rocket Strike
Construct Tank Depot
M1 Mortar Team
M4A1 Sherman Medium Tank
M4A1 Sherman Medium Tank
Engineer Squad
M4A1 76mm Conversion
Selects Anti-tank Gun Team Paradrop
Dual P-47 Rocket Strike
Selects Anti-tank Gun Team Paradrop
Paratrooper Squad Paradrop
AI Takeover
RamsHead
Grand.G
0
0
Comments
sign in to comment!
No comments posted yet!